 Dungeon Crawl Stone Soup version 0.23.0 (webtiles) character file.

Game seed: 17724773842458258872

566848 night the Wrestler (level 25, -11/249 HPs)
             Began as a Troll Hunter on Feb 13, 2019.
             Was the Champion of Okawaru.
             Killed from afar by a black draconian monk (34 damage)
             ... with a bolt of lightning
             ... on level 3 of the Realm of Zot on Feb 17, 2019.
             The game lasted 06:59:55 (63902 turns).

night the Wrestler (Troll Hunter)                  Turns: 63902, Time: 06:59:55

Health: -11/249    AC: 38    Str: 40    XL:     25   Next: 51%
Magic:  27/28      EV: 12    Int: 10    God:    Okawaru [******]
Gold:   5844       SH: 31    Dex: 10    Spells: 24/24 levels left

rFire    + + +     SeeInvis .     - Unarmed
rCold    + . .     Gourm    +   l - +4 large shield of the Bull {Str+3 Int+3}
rNeg     + . .     Faith    .   d - +9 scales of the Dragon King {rPois rF+ rC+ MR+}
rPois    +         Spirit   .   a - +0 hat {MR+}
rElec    .         Reflect  .   E - +2 cloak {rPois}
rCorr    +         Harm     .   (gloves unavailable)
MR       +++++                  (boots unavailable)
Stlth    ..........             q - amulet of regeneration
HPRegen  1.31/turn              i - ring "Jeddilya" {rCorr rN+ MR+}
MPRegen  0.21/turn              H - ring "Qossyqo" {rPois rF+ MR+ Str+2 Int-2}

@: heroism
A: large, unfitting armour, claws 3, deterioration 1, fire resistance 1, fast
metabolism 3, gourmand, regeneration 1, shaggy fur 1, strong 1, tough skin 3,
MP-powered wands
}: 3/15 runes: barnacled, silver, gossamer
a: Heroism, Finesse, Renounce Religion


You were on level 3 of the Realm of Zot.
You worshipped Okawaru.
Okawaru was exalted by your worship.
You were very full.

You visited 9 branches of the dungeon, and saw 45 of its levels.
You also visited: Trove and Gauntlet.

You collected 8203 gold pieces.
You spent 2359 gold pieces at shops.

Inventory:

Hand Weapons
 b - a +9 fustibalus of velocity
 X - a +9 blowgun
Missiles
 x - 483 sling bullets
 B - 7 needles of paralysis
 D - 3 needles of frenzy
 J - 191 large rocks (quivered)
 K - 8 curare-tipped needles
 O - 8 throwing nets
 V - 20 javelins of penetration
 Y - 15 needles of confusion
Armour
 a - a +0 hat of magic resistance (worn)
 d - the +9 scales of the Dragon King (worn) {rPois rF+ rC+ MR+}
   (You found it in a treasure trove)

   It protects you from fire.
   It protects you from cold.
   It protects you from poison.
   It affects your resistance to hostile enchantments.
 k - a +4 large shield of poison resistance
 l - the +4 large shield of the Bull (worn) {Str+3 Int+3}
   (You found it in a treasure trove)

   It affects your strength (+3).
   It affects your intelligence (+3).
 t - a scarf of repulsion
 E - a +2 cloak of poison resistance (worn)
 G - +10 pearl dragon scales
Jewellery
 i - the ring "Jeddilya" (left claw) {rCorr rN+ MR+}
   (You bought it in a shop on level 9 of the Dungeon)

   [ring of resist corrosion]

   It protects you from negative energy.
   It affects your resistance to hostile enchantments.
 p - an uncursed ring of protection from cold
 q - an amulet of regeneration (around neck)
 H - the ring "Qossyqo" (right claw) {rPois rF+ MR+ Str+2 Int-2}
   (You found it in a Gauntlet)

   [ring of protection from fire]

   It affects your strength (+2).
   It affects your intelligence (-2).
   It protects you from fire.
   It protects you from poison.
   It affects your resistance to hostile enchantments.
 M - a +4 ring of protection
 N - the ring of Igigoag {rF+ rC+ MP+9}
   (You took it off a deep elf mage on level 5 of the Vaults)

   [ring of magical power]

   It protects you from fire.
   It protects you from cold.
   It affects your magic capacity (+9).
 P - an uncursed ring of see invisible
 W - an uncursed ring of positive energy
Wands
 n - a wand of acid (9)
 v - a wand of clouds (1)
 z - a wand of digging (16)
 R - a wand of iceblast (72)
Scrolls
 j - a scroll of magic mapping
 o - 6 scrolls of fear
 A - 3 scrolls of fog
 F - 6 scrolls of teleportation
 I - a scroll of holy word
 L - a scroll of blinking
 T - a scroll of summoning
 Z - 4 scrolls of silence
Potions
 c - a potion of heal wounds
 e - 5 potions of resistance
 g - 6 potions of ambrosia
 h - 8 potions of curing
 m - 6 potions of might
 r - 11 potions of lignification
 s - 6 potions of agility
 u - 6 potions of haste
 w - a potion of cancellation
 U - 2 potions of invisibility
Miscellaneous
 y - 2 phantom mirrors
 C - a phial of floods
 S - a lightning rod (4/4)
Comestibles
 f - 93 rations
 Q - 3 chunks of flesh


   Skills:
 + Level 14.4(19.4) Fighting
 - Level 3.2(14.0) Slings
 + Level 15.9(21.1) Throwing
 + Level 12.9(17.9) Armour
 - Level 12.9(17.9) Dodging
 - Level 0.3(5.3) Stealth
 - Level 17.3(22.3) Shields
 - Level 22.3(27) Unarmed Combat
 - Level 8.0 Invocations
 + Level 8.0 Evocations


You had 24 spell levels left.
You didn't know any spells.
Your spell library contained the following spells:

 Spells                   Type           Power        Failure   Level  Hunger
 Animate Skeleton         Necr           N/A          95%         1    ##.....
 Apportation              Tloc           #.....       95%         1    ##.....
 Confusing Touch          Hex            #.....       95%         1    ##.....
 Corona                   Hex            #......      95%         1    ##.....
 Flame Tongue             Conj/Fire      #....        95%         1    ##.....
 Freeze                   Ice            #...         95%         1    ##.....
 Magic Dart               Conj           #...         95%         1    ##.....
 Sting                    Conj/Pois      #...         95%         1    ##.....
 Summon Small Mammal      Summ           #...         95%         1    ##.....
 Blink                    Tloc           N/A          98%         2    ###....
 Call Imp                 Summ           #.......     98%         2    ###....
 Corpse Rot               Necr           N/A          98%         2    ###....
 Ensorcelled Hibernation  Hex/Ice        #.....       98%         2    ###....
 Poisonous Vapours        Pois/Air       #.....       98%         2    ###....
 Searing Ray              Conj           #.....       98%         2    ###....
 Shroud of Golubria       Chrm/Tloc      #.........   98%         2    ###....
 Slow                     Hex            #.......     98%         2    ###....
 Sticks to Snakes         Tmut           #.......     98%         2    ###....
 Sublimation of Blood     Necr           #.........   98%         2    ###....
 Throw Flame              Conj/Fire      #.....       98%         2    ###....
 Throw Frost              Conj/Ice       #.....       98%         2    ###....
 Call Canine Familiar     Summ           #.......     100%        3    ####...
 Confuse                  Hex            #.......     100%        3    ####...
 Conjure Flame            Conj/Fire      #.......     100%        3    ####...
 Dazzling Spray           Conj/Hex       #.....       100%        3    ####...
 Gell's Gravitas          Tloc           #.........   100%        3    ####...
 Ignite Poison            Fire/Tmut/Pois #.......     100%        3    ####...
 Inner Flame              Hex/Fire       #.......     100%        3    ####...
 Lesser Beckoning         Tloc           #.........   100%        3    ####...
 Mephitic Cloud           Conj/Pois/Air  #.......     100%        3    ####...
 Ozocubu's Armour         Chrm/Ice       #.......     100%        3    ####...
 Portal Projectile        Hex/Tloc       #.....       100%        3    ####...
 Stone Arrow              Conj/Erth      #.....       100%        3    ####...
 Summon Guardian Golem    Hex/Summ       #.......     100%        3    ####...
 Teleport Other           Tloc           #.......     100%        3    ####...
 Tukima's Dance           Hex            #.......     100%        3    ####...
 Cause Fear               Hex            #.........   100%        4    #####..
 Force Lance              Conj/Tloc      #.......     100%        4    #####..
 Fulminant Prism          Conj/Hex       #.........   100%        4    #####..
 Iskenderun's Mystic Bla  Conj           #.......     100%        4    #####..
 Leda's Liquefaction      Hex/Erth       #.........   100%        4    #####..
 Olgreb's Toxic Radiance  Pois           #.......     100%        4    #####..
 Passage of Golubria      Tloc           N/A          100%        4    #####..
 Petrify                  Tmut/Erth      #.......     100%        4    #####..
 Sticky Flame             Conj/Fire      #.......     100%        4    #####..
 Summon Ice Beast         Ice/Summ       #.......     100%        4    #####..
 Summon Lightning Spire   Summ/Air       #.......     100%        4    #####..
 Throw Icicle             Conj/Ice       #.......     100%        4    #####..
 Agony                    Necr           #.......     100%        5    ######.
 Alistair's Intoxication  Tmut/Pois      #.......     100%        5    ######.
 Aura of Abjuration       Summ           #.........   100%        5    ######.
 Blade Hands              Tmut           #.........   100%        5    ######.
 Bolt of Draining         Conj/Necr      #.........   100%        5    ######.
 Bolt of Magma            Conj/Fire/Erth #.........   100%        5    ######.
 Dispel Undead            Necr           #.......     100%        5    ######.
 Excruciating Wounds      Chrm/Necr      #.........   100%        5    ######.
 Fireball                 Conj/Fire      #.........   100%        5    ######.
 Irradiate                Conj/Tmut      #.........   100%        5    ######.
 Iskenderun's Battlesphe  Conj/Chrm      #.......     100%        5    ######.
 Metabolic Englaciation   Hex/Ice        #.........   100%        5    ######.
 Summon Forest            Summ/Tloc      #.........   100%        5    ######.
 Venom Bolt               Conj/Pois      #.........   100%        5    ######.
 Yara's Violent Unravell  Hex/Tmut       #.........   100%        5    ######.
 Freezing Cloud           Conj/Ice/Air   #.........   100%        6    #######
 Hydra Form               Tmut           #.........   100%        6    #######
 Iron Shot                Conj/Erth      #.........   100%        6    #######
 Statue Form              Tmut/Erth      #........    100%        6    #######
 Orb of Destruction       Conj           #.........   100%        7    #######
 Ring of Flames           Chrm/Fire      #.........   100%        7    #######
 Spellforged Servitor     Conj/Summ      #.........   100%        7    #######
 Summon Hydra             Summ           #.........   100%        7    #######
 Ignition                 Fire           #.........   100%        8    #######
 Shatter                  Erth           #.........   100%        9    #######


Dungeon Overview and Level Annotations

Branches:
Dungeon (15/15)            Temple (1/1) D:5            Lair (6/6) D:11
 Shoals (4/4) Lair:3       Spider (4/4) Lair:2        Slime (0/5) Lair:5
    Orc (2/2) D:9             Elf (0/3) Orc:2        Vaults (5/5) D:14
  Crypt (0/3) Vaults:3     Depths (5/5) D:15            Zot (3/5) Depths:5

Altars:
Ashenzari
Cheibriados
Dithmenos
Elyvilon
Fedhas
Gozag
Hepliaklqana
Kikubaaqudgha
Makhleb
Nemelex Xobeh
Okawaru
Qazlal
Ru
Sif Muna
Trog
Uskayaw
Vehumet
Wu Jian
Xom
Yredelemnul
Zin
The Shining One
Beogh
Jiyva

Shops:
D:6 [   D:9 =   Orc:2 %(%%(   Vaults:1 %[   Vaults:3 ?   Vaults:4 %

Portals:
Hell: Depths:1 Depths:2 Depths:3 Depths:4 Depths:5
Abyss: Depths:1 Depths:2 Depths:4
Pandemonium: Depths:1 Depths:3 Depths:5
Ziggurat: Depths:3

Annotations:
D:4 3 runed translucent doors, jaguar's ghost, amateur HuWn
D:5 exclusion: downstairs, Blork the orc
Lair:4 1 runed translucent door, matthes123's ghost, journeyman FoFi
Vaults:4 3 runed translucent doors, Nib's ghost, adept VSFi
Depths:3 exclusion: shining eye


Innate Abilities, Weirdness & Mutations

You are too large for most types of armour.
You have claws for hands.
Your metabolism is lightning-fast.
You like to eat raw meat.
Your natural rate of healing is unusually fast.
You are covered in fur. (AC +1)
You have extremely tough skin. (AC +3)
Your body sometimes deteriorates upon taking damage.
Your flesh is heat resistant. (rF+)
Your muscles are strong. (Str +2)
You expend magic power (3 MP) to strengthen your wands.


Message History

* * * LOW HITPOINT WARNING * * *
Something freezes you.
* * * LOW HITPOINT WARNING * * *
The black draconian monk hits you but does no damage.
You block the black draconian monk's attack.
The black draconian monk tail-slaps you but does no damage.
You hear some strange, mumbled words.
A bolt of cold appears from out of thin air!
The bolt of cold hits you! You resist.
* * * LOW HITPOINT WARNING * * *
You block the black draconian monk's attack.
The black draconian monk kicks you but does no damage.
The black draconian monk tail-slaps you but does no damage.
You barely miss something. Something hits you but does no damage.
You closely miss something.
A yellow draconian knight appears from thin air!
Reactivating autopickup.
The black draconian monk breathes lightning at you.
The bolt of lightning hits you!!
You die...

+# .## ##..##
##....##
##......+
#.......#
#.?.....#
#@.....##
......qq....##
......##...##
...^.###'###
....##....#
..!##..?..#
+#+ ##...## .
. ##....⌠###
.... ###.
#........#


You could see a black draconian monk and a yellow draconian knight.

Vanquished Creatures
  Mara (Vaults:4)
  An ancient lich (Vaults:5)
  Sojobo (Vaults:4)
  Boris (Vaults:5)
  A curse toe (Zot:2)
  Jory (Vaults:4)
  Nikola (Shoals:4)
  4 golden dragons
  Arachne (Spider:4)
  A bone dragon (Depths:5)
  A lich (Depths:4)
  7 tentacled monstrosities
  Asterion (Spider:1)
  Jorgrun (Spider:1)
  3 titans
  Polyphemus (Shoals:4)
  4 quicksilver dragons
  3 sphinxes
  Frances (Spider:1)
  4 death cobs
  Agnes (Spider:2)
  3 draconian monks
  13 shadow dragons
  9 storm dragons
  4 large abominations
  7 tengu reavers
  10 fire giants
  4 draconian knights
  4 draconian scorchers
  12 frost giants
  2 ghost moths
  2 orc warlords
  4 iron dragons
  10 vault wardens
  A cacodemon (Depths:3)
  Louise (D:15)
  A deep elf sorcerer (Vaults:5)
  2 angels (Depths:4)
  3 draconian shifters
  6 draconian stormcallers
  A ghoul (Vaults:4)
  5 draconian annihilators
  An emperor scorpion (Spider:4)
  4 spriggan defenders (Depths:5)
  17 ironheart preservers
  8 entropy weavers
  A war gargoyle (Vaults:5)
  22 very ugly things
  24 stone giants
  7 green draconians
  2 vampire knights
  8 black draconians
  Azrael (D:13)
  2 minotaurs
  3 deep elf demonologists
  8 red draconians
  4 small abominations
  4 deep elf annihilators
  6 yellow draconians
  2 deep elf death magi (Vaults:2)
  4 purple draconians
  20 ettins
  5 spark wasps
  5 white draconians
  A death ooze (Gauntlet)
  A fire dragon (shapeshifter) (Vaults:5)
  4 merfolk impalers
  2 merfolk javelineers
  6 fire dragons
  Josephine (Shoals:1)
  4 great orbs of eyes
  2 jiangshi (Depths:2)
  Fannar (D:12)
  30 yaktaur captains
  34 vault guards
  4 deep elf high priests (Vaults:5)
  12 hydras
  15 ice dragons
  Harold (D:7)
  3 spriggan air magi (Depths:5)
  3 rakshasas
  5 merfolk avatars
  2 alligator snapping turtles (Shoals:4)
  4 death knights
  43 two-headed ogres
  2 satyrs
  4 catoblepae
  A queen ant (Spider:2)
  6 merfolk aquamancers
  12 centaur warriors
  9 deep troll shamans
  8 tengu warriors
  9 deep troll earth magi
  17 ogre magi
  11 death yaks
  A vampire mage (Depths:2)
  6 spriggans
  5 spriggan berserkers
  A sun demon (Depths:3)
  A deep elf knight (Vaults:2)
  2 iron trolls
  4 shadow wraiths
  A titan skeleton (Vaults:5)
  6 hell knights
  10 sea snakes
  29 deep trolls
  2 unseen horrors
  2 infernal demonspawn (Depths:1)
  4 skeletal warriors
  A sea snake (shapeshifter) (Vaults:2)
  A flayed ghost (Vaults:2)
  A spark wasp zombie (Depths:2)
  5 wizards
  6 glowing orange brains
  10 deep elf archers
  14 ironbrand convokers
  A tengu zombie (Vaults:5)
  6 phantasmal warriors
  11 orc knights
  A fire giant zombie (Depths:2)
  Pikel (D:5)
  23 harpies
  14 orb spiders
  8 necromancers
  An iron dragon zombie (D:15)
  16 wolf spiders
  20 deep elf magi
  3 orc sorcerers
  2 salamanders (shapeshifter)
  50 ugly things
  A salamander (Depths:3)
  14 manticores
  8 fauns
  11 elephants
  19 moths of wrath
  A stone giant skeleton (D:15)
  12 cyclopes
  2 spriggan zombies (D:15)
  10 merfolk sirens
  11 vault sentinels
  A black mamba (Lair:1)
  A molten gargoyle (Depths:3)
  A hellion (Depths:1)
  15 spiny frogs
  4 gargoyles
  5 water nymphs
  2 torpor snails
  A rust devil (Depths:3)
  A rime drake (shapeshifter) (Vaults:5)
  6 rime drakes
  A komodo dragon (shapeshifter) (Depths:2)
  13 komodo dragons
  57 yaktaurs
  14 demonic crawlers
  A yaktaur zombie (Vaults:5)
  2 efreet
  A kobold demonologist (D:13)
  7 freezing wraiths
  A tengu conjurer (Depths:1)
  4 polar bears
  2 hellwings (Depths:1)
  29 jumping spiders
  A queen bee (Lair:6)
  2 meliai (Lair:6)
  2 red devils
  A troll (shapeshifter) (Depths:3)
  30 merfolk
  12 hornets
  7 trolls
  7 wind drakes
  A hornet (shapeshifter) (Vaults:2)
  Prince Ribbit (D:7)
  5 dream sheep (Lair:6)
  25 hippogriffs
  39 blink frogs
  18 slime creatures
  7 snapping turtles
  A hippogriff (shapeshifter) (Vaults:2)
  A snapping turtle (shapeshifter) (Vaults:5)
  4 shadows
  19 tarantellas
  A vampire (D:14)
  32 yaks
  8 wraiths
  90 redbacks
  10 wyverns
  A wyvern (shapeshifter) (D:13)
  A yak (shapeshifter) (Vaults:2)
  26 water elementals
  15 basilisks
  A golden eye (shapeshifter) (Depths:5)
  A fire elemental (D:13)
  A human (D:14)
  6 hungry ghosts
  4 vampire mosquitoes (D:15)
  2 chaos spawn
  Menkaure (D:7)
  18 soldier ants
  8 wargs
  4 acid dragons
  A hell hound (D:13)
  28 water moccasins
  2 human zombies
  16 porcupines
  5 sky beasts
  Duvessa (D:4)
  29 orc warriors
  3 black bears
  An eye of draining (D:10)
  4 ice beasts
  51 ogres
  A phantom (D:8)
  A slave (D:5)
  3 necrophages
  A wolf (shapeshifter) (Depths:3)
  12 boggarts
  25 centaurs
  12 wolves (Lair:6)
  2 big kobolds
  9 crocodiles
  19 bullfrogs
  8 earth elementals (Depths:1)
  2 gnoll sergeants
  Dowan (D:4)
  A wyvern skeleton (D:15)
  3 scorpions
  26 killer bees
  A wight (Vaults:3)
  5 electric eels
  11 howler monkeys
  4 centaur zombies
  2 bullfrog zombies
  2 quasits (D:7)
  9 crimson imps
  5 hounds
  2 jellies
  22 orc wizards
  28 orc priests
  An iron imp (Depths:1)
  5 bullfrog skeletons
  4 centaur skeletons
  3 iguanas
  30 worker ants
  Natasha (thrice) (D:3)
  A hound zombie (D:10)
  A hound skeleton (D:5)
  17 gnolls
  26 adders
  11 shadow imps
  12 white imps (Lair:4)
  3 ufetubi (Depths:1)
  5 oozes
  2 adder skeletons (D:8)
  4 worms
  4 leopard geckos
  80 orcs
  A ball python (D:2)
  7 giant cockroaches
  11 goblins
  4 hobgoblins
  3 jackals (D:7)
  10 quokkas
  4 bats (D:3)
  7 frilled lizards
  18 kobolds
  A leopard gecko skeleton (D:5)
  5 rats
  2 plants
2142 creatures vanquished.

Vanquished Creatures (others)
  A yellow draconian (Zot:2)
  A deep elf knight (Vaults:2)
  A shadow wraith (Vaults:4)
  A necromancer (Vaults:5)
  A yaktaur (Vaults:5)
  A slime creature (Vaults:1)
  A jumping spider (Spider:4)
  A tarantella (Spider:1)
  An ogre (Vaults:2)
  A centaur (D:5)
  A crimson imp (Depths:1)
  A hound (D:5)
  A worker ant (D:5)
  An ufetubus (Depths:1)
  An orc (Orc:1)
  A ball python (D:5)
  10 demonic plants (Gauntlet)
  28 fungi
  18 plants
  A withered plant (D:15)
73 creatures vanquished.

Grand Total: 2215 creatures vanquished

Notes
Turn   | Place    | Note
-------+----------+-------------------------------------------
     0 | D:1      | night the Troll Hunter began the quest for the Orb.
     0 | D:1      | Reached XP level 1. HP: 19/19 MP: 0/0
   205 | D:1      | Reached skill level 1 in Unarmed Combat
   298 | D:1      | Reached XP level 2. HP: 27/27 MP: 1/1
   597 | D:2      | Reached skill level 2 in Unarmed Combat
   653 | D:2      | Found a shattered altar of Ashenzari.
   734 | D:2      | Reached XP level 3. HP: 33/33 MP: 2/2
  1211 | D:3      | Reached XP level 4. HP: 41/41 MP: 3/3
  1245 | D:3      | Found a burning altar of Makhleb.
  1267 | D:3      | Reached skill level 3 in Unarmed Combat
  1464 | D:3      | Found a blossoming altar of Fedhas.
  1551 | D:3      | Noticed Natasha
  1557 | D:3      | Killed Natasha
  1557 | D:3      | Reached skill level 4 in Unarmed Combat
  1557 | D:3      | Reached XP level 5. HP: 48/48 MP: 4/4
  1623 | D:3      | Found a white marble altar of Elyvilon.
  1663 | D:3      | Noticed Natasha
  1669 | D:3      | Killed Natasha
  1952 | D:3      | Noticed Natasha
  1959 | D:3      | Killed Natasha
  2155 | D:4      | Reached XP level 6. HP: 55/55 MP: 5/5
  2224 | D:4      | Reached skill level 5 in Unarmed Combat
  2227 | D:4      | Noticed jaguar's ghost (amateur HuWn)
  2251 | D:4      | Found a runed translucent gate.
  2251 | D:4      | Found a runed translucent gate.
  2251 | D:4      | Found a runed translucent gate.
  2305 | D:4      | Found a hazy altar of Hepliaklqana.
  2465 | D:4      | Found a glowing golden altar of the Shining One.
  2470 | D:4      | Noticed an angel
  2624 | D:4      | Reached skill level 5 in Throwing
  2672 | D:4      | Found a basalt altar of Yredelemnul.
  2737 | D:4      | Noticed Dowan
  2738 | D:4      | Noticed Duvessa
  2743 | D:4      | Killed Duvessa
  2745 | D:4      | Killed Dowan
  2745 | D:4      | Reached skill level 6 in Unarmed Combat
  2745 | D:4      | Reached XP level 7. HP: 30/62 MP: 6/6
  2914 | D:5      | Entered Level 5 of the Dungeon
  3076 | D:5      | Found a staircase to the Ecumenical Temple.
  3092 | Temple   | Entered the Ecumenical Temple
  3335 | Temple   | Became a worshipper of Warmaster Okawaru
  3394 | D:5      | Noticed Pikel
  3424 | D:5      | Killed Pikel
  3424 | D:5      | Reached * piety under Okawaru
  3424 | D:5      | Reached skill level 7 in Unarmed Combat
  3424 | D:5      | Reached XP level 8. HP: 44/70 MP: 7/7
  3754 | D:5      | Reached skill level 8 in Unarmed Combat
  3914 | D:5      | Noticed Blork the orc
  3916 | D:5      | Reached ** piety under Okawaru
  3980 | D:5      | Found a deep blue altar of Sif Muna.
  4503 | D:6      | Reached skill level 9 in Unarmed Combat
  4517 | D:6      | Found Igyox's Antique Armour Shoppe.
  4641 | D:6      | Bought a shield for 157 gold pieces
  4689 | D:6      | Found a bloodstained altar of Trog.
  4878 | D:7      | Noticed a hippogriff
  4879 | D:7      | Noticed Prince Ribbit
  5060 | D:7      | Reached XP level 9. HP: 76/76 MP: 8/8
  5063 | D:7      | Reached *** piety under Okawaru
  5080 | D:7      | Reached skill level 1 in Invocations
  5087 | D:7      | Reached skill level 1 in Shields
  5175 | D:7      | Noticed Menkaure
  5184 | D:7      | Killed Menkaure
  5216 | D:7      | Reached skill level 10 in Unarmed Combat
  5380 | D:7      | Killed Prince Ribbit
  5380 | D:7      | Reached **** piety under Okawaru
  5540 | D:7      | You fall through a shaft for 3 floors!
  5540 | D:10     | Entered Level 10 of the Dungeon
  5609 | D:7      | Noticed Harold
  5624 | D:7      | Killed Harold
  5624 | D:7      | Reached XP level 10. HP: 75/85 MP: 8/11
  5943 | D:8      | Found a hide-covered altar of Uskayaw.
  6058 | D:8      | Reached skill level 11 in Unarmed Combat
  6326 | D:8      | Reached ***** piety under Okawaru
  6778 | D:9      | Received a gift from Okawaru
  7088 | D:9      | Found a staircase to the Orcish Mines.
  7152 | D:9      | Noticed a manticore
  7159 | D:9      | Killed a manticore
  7227 | D:9      | Found Mutubim's Jewellery Shoppe.
  7311 | D:9      | Received a gift from Okawaru
  7708 | D:10     | Reached skill level 12 in Unarmed Combat
  8046 | D:10     | Received a gift from Okawaru
  8046 | D:10     | Reached skill level 5 in Invocations
  8046 | D:10     | Reached XP level 11. HP: 91/91 MP: 13/13
  8549 | D:11     | Noticed a two-headed ogre
  8553 | D:11     | Killed a two-headed ogre
  8573 | D:11     | Received a gift from Okawaru
  8689 | D:11     | Found a staircase to the Lair.
  8881 | D:11     | Reached skill level 5 in Shields
  8891 | D:11     | Reached ****** piety under Okawaru
  9059 | D:11     | Received a gift from Okawaru
  9453 | D:11     | Reached skill level 1 in Armour
  9456 | D:11     | Noticed a four-headed hydra
  9465 | D:11     | Killed a four-headed hydra
  9595 | D:9      | Bought an uncursed ring of poison resistance for 280 gold
                  | pieces
 10204 | Lair:1   | Entered Level 1 of the Lair of Beasts
 10224 | Lair:1   | Reached skill level 13 in Unarmed Combat
 10233 | Lair:1   | Noticed a four-headed hydra
 10377 | D:11     | Killed a four-headed hydra
 10377 | D:11     | Reached XP level 12. HP: 38/104 MP: 12/15
 10565 | Lair:1   | Received a gift from Okawaru
 11314 | Lair:2   | Noticed an eight-headed hydra
 11332 | Lair:1   | Killed an eight-headed hydra
 11519 | Lair:2   | Received a gift from Okawaru
 11593 | Lair:2   | Noticed an eight-headed hydra
 11597 | Lair:2   | Killed an eight-headed hydra
 11776 | Lair:2   | Reached skill level 14 in Unarmed Combat
 11790 | Lair:2   | Found a hole to the Spider Nest.
 11794 | Lair:2   | Reached skill level 10 in Throwing
 12026 | Lair:2   | Reached skill level 5 in Fighting
 12474 | Lair:2   | Identified a scroll of acquirement
 12642 | Lair:3   | Reached XP level 13. HP: 117/117 MP: 16/16
 12747 | Lair:3   | Received a gift from Okawaru
 12938 | Lair:3   | Found a staircase to the Shoals.
 14020 | Lair:4   | Reached skill level 15 in Unarmed Combat
 14098 | Lair:4   | Received a gift from Okawaru
 14640 | Lair:4   | Found a runed translucent door.
 14641 | Lair:4   | Noticed matthes123's ghost (journeyman FoFi)
 14673 | Lair:4   | Received a gift from Okawaru
 15141 | Lair:5   | Received a gift from Okawaru
 15278 | Lair:5   | Received a gift from Okawaru
 15386 | Lair:5   | Received a gift from Okawaru
 15428 | Lair:5   | Received a gift from Okawaru
 15466 | Lair:5   | Reached XP level 14. HP: 93/132 MP: 17/17
 15895 | Lair:5   | Reached skill level 16 in Unarmed Combat
 16103 | Lair:5   | Found a runed translucent door.
 16103 | Lair:5   | Found a viscous altar of Jiyva.
 16104 | Lair:5   | Found a staircase to the Slime Pits.
 16310 | Lair:6   | Entered Level 6 of the Lair of Beasts
 17095 | Lair:6   | Received a gift from Okawaru
 17096 | Lair:6   | Found the +10 morningstar "Eos" {elec, Halo rElec}
 17369 | Lair:6   | Got a steaming granite ring
 17385 | Lair:6   | Identified the ring of Sonelom {MP+9 Int+3 Dex-4 Stlth+}
                  | (You found it on level 6 of the Lair of Beasts)
 17781 | Lair:6   | Received a gift from Okawaru
 17795 | Lair:6   | Got a shadowed robe {god gift}
 17806 | Lair:6   | Identified the +0 robe "Juck" {-Cast Str+7 Dex+5} (Okawaru
                  | gifted it to you on level 6 of the Lair of Beasts)
 18452 | Lair:6   | Reached skill level 17 in Unarmed Combat
 18821 | Orc:1    | Entered Level 1 of the Orcish Mines
 18822 | Orc:1    | Noticed a stone giant
 18844 | D:9      | Killed a stone giant
 19259 | Orc:1    | Found a roughly hewn altar of Beogh.
 19363 | Orc:1    | Found a roughly hewn altar of Beogh.
 19546 | Orc:2    | Entered Level 2 of the Orcish Mines
 19554 | Orc:2    | Noticed an orc warlord
 19680 | Orc:2    | Found a gate leading to a gauntlet.
 19713 | Gauntlet | Entered a Gauntlet
 19713 | Gauntlet | Found a transporter.
 19713 | Gauntlet | Found a transporter.
 19717 | Gauntlet | Found a transporter.
 19717 | Gauntlet | Found a transporter.
 19744 | Gauntlet | Found a transporter.
 19752 | Gauntlet | Found a transporter.
 19757 | Gauntlet | Found a transporter.
 19757 | Gauntlet | Found a transporter.
 19757 | Gauntlet | Noticed a balrug
 19824 | Gauntlet | Found a transporter.
 19886 | Gauntlet | Found a transporter.
 19904 | Gauntlet | Found a transporter.
 19954 | Gauntlet | Reached XP level 15. HP: 132/142 MP: 18/18
 20058 | Gauntlet | Found a transporter.
 20067 | Gauntlet | Received a gift from Okawaru
 20108 | Gauntlet | Found a transporter.
 20149 | Gauntlet | Got a scorched granite ring
 20186 | Gauntlet | Identified Dasoe's Compendium of the Whelk
 20288 | Orc:2    | Reached skill level 5 in Armour
 20296 | Orc:2    | Received a gift from Okawaru
 20486 | Orc:1    | Received a gift from Okawaru
 20512 | Orc:1    | Got a steaming broad axe {god gift}
 20513 | Orc:1    | Identified the +4 broad axe of Zutume {speed, -Tele *Rage
                  | MR+++ Str+2} (Okawaru gifted it to you on level 1 of the
                  | Orcish Mines)
 20643 | Orc:2    | Found Cytwub's Food Shoppe.
 20643 | Orc:2    | Found Zacsuf's Antique Weapon Shop.
 20644 | Orc:2    | Found Wuquc's Food Shop.
 20644 | Orc:2    | Found Xeyrphy's Food Emporium.
 20716 | Orc:2    | Killed an orc warlord
 20903 | Orc:2    | Received a gift from Okawaru
 20903 | Orc:2    | Reached skill level 18 in Unarmed Combat
 20980 | Orc:2    | Found Caqoes Igo's Weapon Boutique.
 21055 | Orc:2    | Gained mutation: Scrolls take you a little longer to read.
                  | [a neqoxec]
 21116 | Orc:2    | Found a staircase to the Elven Halls.
 21128 | Orc:2    | Found a burning altar of Makhleb.
 21615 | D:12     | Noticed Fannar
 21636 | D:12     | Killed Fannar
 21907 | D:12     | Identified the ring "Qossyqo" {rPois rF+ MR+ Str+2 Int-2}
                  | (You found it in a Gauntlet)
 22343 | D:13     | Reached skill level 5 in Dodging
 22343 | D:13     | Reached skill level 10 in Shields
 22343 | D:13     | Reached XP level 16. HP: 152/152 MP: 19/19
 22599 | D:13     | Noticed Azrael
 22614 | D:13     | Killed Azrael
 22781 | D:13     | Found the +0 Maxwell's etheric cage {RegenMP+ *Contam rElec
                  | MP+4}
 23190 | D:14     | Received a gift from Okawaru
 23199 | D:14     | Got a shimmering cloak {god gift}
 23205 | D:14     | Identified the -3 cloak of Tyejody {+Blink rN+} (Okawaru
                  | gifted it to you on level 14 of the Dungeon)
 23224 | D:14     | Found a deep blue altar of Sif Muna.
 24243 | D:14     | Reached XP level 17. HP: 141/160 MP: 20/20
 24370 | D:14     | Found a gate to the Vaults.
 24552 | D:15     | Entered Level 15 of the Dungeon
 24727 | D:15     | Found the +3 warlock's mirror {reflect}
 25008 | D:15     | Found a staircase to the Depths.
 25693 | Spider:1 | Entered Level 1 of the Spider Nest
 25699 | Spider:1 | Noticed Frances
 25818 | Spider:1 | Noticed Asterion
 26052 | Spider:1 | Received a gift from Okawaru
 26252 | Spider:1 | Killed Frances
 26301 | Spider:1 | Killed Asterion
 26301 | Spider:1 | Noticed Jorgrun
 26315 | Spider:1 | Killed Jorgrun
 26315 | Spider:1 | Reached skill level 19 in Unarmed Combat
 26468 | Spider:1 | Received a gift from Okawaru
 26737 | Spider:2 | Noticed Agnes
 26753 | Spider:2 | Killed Agnes
 27290 | Spider:2 | Lost mutation: Scrolls take you a little longer to read.
                  | [potion of mutation]
 27290 | Spider:2 | Gained mutation: You expend magic power (3 MP) to
                  | strengthen your wands. [potion of mutation]
 27290 | Spider:2 | Gained mutation: Your flesh is heat resistant. (rF+)
                  | [potion of mutation]
 27290 | Spider:2 | Gained mutation: Your body sometimes deteriorates upon
                  | taking damage. [potion of mutation]
 27290 | Spider:2 | Gained mutation: Your muscles are strong. (Str +2) [potion
                  | of mutation]
 28475 | Spider:3 | Received a gift from Okawaru
 28512 | Spider:3 | Got a crystal giant club {god gift}
 28518 | Spider:3 | Identified the +4 giant club "Wyxeixt" {drain, rPois rF-
                  | rC+ Int+8} (Okawaru gifted it to you on level 3 of the
                  | Spider Nest)
 28897 | Spider:4 | Entered Level 4 of the Spider Nest
 29197 | Spider:4 | Reached XP level 18. HP: 157/174 MP: 21/21
 29349 | Spider:4 | Received a gift from Okawaru
 29652 | Spider:4 | Reached skill level 10 in Fighting
 29658 | Spider:4 | Noticed Arachne
 29683 | Spider:4 | Killed Arachne
 30531 | Spider:4 | Got a gossamer rune of Zot
 30952 | Shoals:1 | Entered Level 1 of the Shoals
 31158 | D:9      | Bought the ring "Jeddilya" {rCorr rN+ MR+} for 515 gold
                  | pieces
 31439 | Shoals:1 | Found the +6 shillelagh "Devastator" {shatter}
 31501 | Shoals:1 | Noticed Josephine
 31512 | Shoals:1 | Killed Josephine
 31512 | Shoals:1 | Received a gift from Okawaru
 31512 | Shoals:1 | Reached skill level 20 in Unarmed Combat
 34011 | Shoals:4 | Entered Level 4 of the Shoals
 34011 | Shoals:4 | Noticed Nikola
 34072 | Shoals:4 | Received a gift from Okawaru
 34199 | Shoals:3 | Received a gift from Okawaru
 34847 | Shoals:4 | Reached XP level 19. HP: 167/183 MP: 23/23
 34924 | Shoals:4 | Killed Nikola
 34932 | Shoals:4 | Received a gift from Okawaru
 35322 | Shoals:4 | Noticed Polyphemus
 35336 | Shoals:4 | Killed Polyphemus
 35736 | Shoals:4 | Got a barnacled rune of Zot
 35973 | Shoals:4 | Received a gift from Okawaru
 37424 | Vaults:1 | Entered Level 1 of the Vaults
 37462 | Vaults:1 | Reached skill level 21 in Unarmed Combat
 37525 | Vaults:1 | Found Wurpheq's Food Shop.
 37872 | Vaults:1 | Received a gift from Okawaru
 38000 | Vaults:1 | Received a gift from Okawaru
 38457 | Vaults:1 | Received a gift from Okawaru
 38707 | Vaults:1 | Found Ibeumnu's Armour Boutique.
 39176 | Vaults:2 | Received a gift from Okawaru
 39610 | Vaults:2 | You fall through a shaft!
 39885 | Vaults:2 | Reached XP level 20. HP: 185/193 MP: 22/24
 40192 | Vaults:2 | Received a gift from Okawaru
 40628 | Vaults:2 | Reached skill level 15 in Shields
 40713 | Vaults:2 | Received a gift from Okawaru
 40735 | Vaults:2 | Reached skill level 22 in Unarmed Combat
 41284 | Vaults:3 | Found Fisyulin's Magic Scroll Shoppe.
 41293 | Vaults:3 | Bought a scroll of enchant armour for 105 gold pieces
 41293 | Vaults:3 | Bought a scroll of acquirement for 728 gold pieces
 41385 | Vaults:3 | Found a staircase to the Crypt.
 41660 | Vaults:3 | Reached skill level 1 in Slings
 42448 | Vaults:4 | Received a gift from Okawaru
 42506 | Vaults:4 | Reached XP level 21. HP: 189/202 MP: 25/25
 42675 | Vaults:4 | Received a gift from Okawaru
 42704 | Vaults:4 | Noticed Jory
 42725 | Vaults:4 | Killed Jory
 42917 | Vaults:4 | Noticed Sojobo
 42943 | Vaults:4 | Received a gift from Okawaru
 43464 | Vaults:4 | Noticed Mara
 43472 | Vaults:4 | Noticed night's illusion
 43497 | Vaults:4 | Noticed night's illusion
 43576 | Vaults:4 | Found Haenaaf's Food Emporium.
 43590 | Vaults:4 | Killed Mara
 43590 | Vaults:4 | Received a gift from Okawaru
 43911 | Vaults:4 | Found a runed translucent gate.
 43912 | Vaults:4 | Found a runed translucent gate.
 43912 | Vaults:4 | Found a runed translucent gate.
 43920 | Vaults:4 | Noticed Nib's ghost (adept VSFi)
 43923 | Vaults:4 | Found an iron altar of Okawaru.
 44001 | Vaults:4 | Received a gift from Okawaru
 44040 | Vaults:4 | Got a pitted cloak {god gift}
 44051 | Vaults:4 | Identified the +0 cloak "Tuneuntu" {rF- rN++ MR+} (Okawaru
                  | gifted it to you on level 4 of the Vaults)
 44121 | Vaults:4 | Found a portal to a secret trove of treasure.
 44348 | Vaults:4 | Killed Sojobo
 45016 | Depths:1 | Entered Level 1 of the Depths
 45030 | Depths:1 | Noticed Louise
 45559 | D:15     | Killed Louise
 45960 | Depths:1 | Reached skill level 10 in Dodging
 45962 | Depths:1 | Found a gateway to Hell.
 45975 | Depths:1 | Received a gift from Okawaru
 45975 | Depths:1 | Reached skill level 10 in Armour
 46950 | Depths:1 | Received a gift from Okawaru
 47043 | Depths:1 | Found a one-way gate leading to the halls of Pandemonium.
 47548 | Depths:1 | Found a one-way gate to the infinite horrors of the Abyss.
 47806 | Depths:2 | Received a gift from Okawaru
 47816 | Depths:2 | Reached XP level 22. HP: 178/214 MP: 27/27
 48006 | Depths:2 | Received a gift from Okawaru
 48424 | Depths:2 | Received a gift from Okawaru
 49201 | Depths:2 | Identified Yqor's Casting in Simple Steps
 49517 | Depths:3 | Found a gateway to a ziggurat.
 49775 | Depths:3 | Paralysed by a floating eye for 2 turns
 49782 | Depths:3 | Paralysed by a floating eye for 3 turns
 50428 | Depths:3 | Paralysed by a floating eye for 4 turns
 50438 | Depths:3 | Paralysed by a floating eye for 2 turns
 50447 | Depths:3 | Paralysed by a floating eye for 4 turns
 50452 | Depths:3 | Paralysed by a floating eye for 2 turns
 50712 | Depths:3 | Identified Xeucvyhu's Disquisition on Twisted Shape
                  | Shifting
 51089 | Depths:4 | Received a gift from Okawaru
 51417 | Depths:4 | Received a gift from Okawaru
 52146 | Depths:5 | Entered Level 5 of the Depths
 52346 | Depths:5 | Reached XP level 23. HP: 113/224 MP: 28/28
 52921 | Depths:5 | Received a gift from Okawaru
 53103 | Depths:5 | Received a gift from Okawaru
 53107 | Depths:5 | Got a scorched hunting sling {god gift}
 53115 | Depths:5 | Identified the +10 hunting sling of Objectivity {flame,
                  | +Inv rElec rPois} (Okawaru gifted it to you on level 5 of
                  | the Depths)
 53435 | Depths:5 | Found a gate to the Realm of Zot.
 53629 | Depths:3 | Paralysed by a floating eye for 3 turns
 53725 | Depths:3 | Paralysed by a floating eye for 3 turns
 53733 | Depths:3 | Paralysed by a floating eye for 4 turns
 54116 | Vaults:5 | Entered Level 5 of the Vaults
 54180 | Vaults:5 | Noticed an ancient lich
 54181 | Vaults:5 | Found the +2 robe of Vines {NoPotionHeal Regen+7}
 54199 | Vaults:5 | Killed an ancient lich
 54202 | Vaults:5 | Noticed Boris
 54209 | Vaults:5 | Killed Boris
 54236 | Vaults:5 | Received a gift from Okawaru
 54439 | Vaults:5 | Identified the ring of Igigoag {rF+ rC+ MP+9}
 54767 | Vaults:5 | Received a gift from Okawaru
 54883 | Vaults:5 | Identified the +5 demon trident of Dried Tears {vamp,
                  | *Corrode rPois Dex+2 Stlth+}
 55222 | Vaults:5 | Reached XP level 24. HP: 188/237 MP: 28/28
 55758 | Vaults:5 | Got a silver rune of Zot
 56300 | Vaults:5 | Received a gift from Okawaru
 58061 | Zot:1    | Entered Level 1 of the Realm of Zot
 58411 | Zot:1    | Received a gift from Okawaru
 58740 | Zot:1    | Reached skill level 1 in Evocations
 60523 | Zot:2    | Reached skill level 15 in Throwing
 60707 | Zot:2    | Reached XP level 25. HP: 222/248 MP: 28/28
 60742 | Zot:2    | Reached skill level 5 in Evocations
 61157 | Zot:2    | Received a gift from Okawaru
 62083 | Vaults:3 | Bought a scroll of identify for 28 gold pieces
 62083 | Vaults:3 | Bought a scroll of identify for 28 gold pieces
 62083 | Vaults:3 | Bought a scroll of identify for 28 gold pieces
 62242 | Vaults:4 | You paid a toll of 18 scrolls of identify to enter a
                  | treasure trove
 62243 | Trove    | Entered a treasure trove
 62247 | Trove    | Found the +9 scales of the Dragon King {rPois rF+ rC+ MR+}
 62256 | Trove    | Got an ichor-stained cloak
 62263 | Trove    | Got a distressingly furry large shield
 62270 | Trove    | Got a heavily runed large shield
 62273 | Trove    | Got a transparent large shield
 62275 | Trove    | Got a pitted cloak
 62278 | Trove    | Got encrusted quicksilver dragon scales
 62294 | Vaults:4 | Identified the +0 large shield of Analysis {Dex+2} (You
                  | found it in a treasure trove)
 62304 | Vaults:4 | Identified the +0 large shield "Ummushut" {rF+ Int+3 SInv}
                  | (You found it in a treasure trove)
 62314 | Vaults:4 | Identified the +4 large shield of the Bull {Str+3 Int+3}
                  | (You found it in a treasure trove)
 62324 | Vaults:4 | Identified the cursed -1 cloak "Ajealo" {rPois Int+2
                  | Stlth+} (You found it in a treasure trove)
 62528 | Vaults:4 | Identified the quicksilver dragon scales of the Gastropod
                  | {rC+ MR+} (You found it in a treasure trove)
 62538 | Vaults:4 | Identified the +0 cloak of Lies {Int+4} (You found it in a
                  | treasure trove)
 62913 | D:9      | Bought an uncursed ring of see invisible for 210 gold
                  | pieces
 62913 | D:9      | Bought an uncursed ring of positive energy for 280 gold
                  | pieces
 63902 | Zot:3    | Killed from afar by a black draconian monk

Skill      XL: |  1  2  3  4  5  6  7  8  9 10 11 12 13 14 15 16 17 18 19 20 21 22 23 24 25 |
---------------+----------------------------------------------------------------------------+-----
Unarmed Combat | 1 2 4 6 7 9 10 12 13 14 15 17 18 19 20 21 22 | 22.3
Throwing       | 4 5 6 7 8 9 10 11 12 13 14 15 | 15.9
Invocations    | 3 5 6 7 8 |  8.0
Shields        | 3 4 6 7 8 9 10 11 13 15 16 17 | 17.3
Fighting       | 3 5 7 8 9 10 11 12 13 14 | 14.4
Armour         | 2 3 4 5 6 7 8 9 10 11 12 | 12.9
Dodging        | 2 5 6 7 8 9 10 11 12 | 12.9
Slings         | 2 3 |  3.2
Evocations     | 4 8 |  8.0
Stealth        | |  0.3

Action                   |  1- 3 |  4- 6 |  7- 9 | 10-12 | 13-15 | 16-18 | 19-21 | 22-24 | 25-27 || total
-------------------------+-------+-------+-------+-------+-------+-------+-------+-------+-------++-------
Melee: Unarmed           |    88 |   142 |   314 |   913 |  1336 |  1723 |  1920 |  1845 |   363 ||  8644
       Punch             |     1 |     1 |     4 |       |       |       |       |     1 |       ||     7
 Fire: Blowgun           |       |       |       |     2 |       |     4 |     3 |     1 |       ||    10
       Hunting sling     |       |       |       |       |     8 |    88 |       |       |       ||    96
       Fustibalus        |       |       |       |       |       |       |    53 |    25 |       ||    78
Throw: Large rock        |       |     4 |    10 |    22 |    29 |    32 |    48 |    62 |       ||   207
       Tomahawk          |       |       |     3 |     4 |    11 |       |       |       |       ||    18
       Throwing net      |       |       |     1 |       |     1 |       |       |       |       ||     2
       Javelin           |       |       |       |       |     5 |       |       |     5 |       ||    10
Invok: Heroism           |       |       |     2 |     4 |     7 |     7 |    10 |     9 |     2 ||    41
       Finesse           |       |       |       |       |     1 |       |     2 |     2 |       ||     5
 Abil: Evoke Blink       |       |       |       |       |       |     1 |       |       |       ||     1
       Evoke Flight      |       |       |       |       |       |     1 |       |     2 |       ||     3
       Stop Flying       |       |       |       |       |       |       |       |     1 |       ||     1
Evoke: Wand              |       |       |       |       |     1 |     2 |     2 |       |     2 ||     7
       Lightning rod     |       |       |       |       |       |       |       |     4 |       ||     4
  Use: Scroll            |       |     6 |    10 |    18 |    10 |     7 |    24 |    11 |     1 ||    87
       Potion            |       |       |     2 |     1 |     2 |     5 |       |     4 |     1 ||    15
 Stab: Sleeping          |     3 |     2 |       |       |       |       |       |       |       ||     5
       Distracted        |       |       |       |     1 |       |       |     1 |       |       ||     2
  Eat: Chunk             |    17 |    11 |    29 |    87 |    89 |   119 |   116 |    97 |    23 ||   588
       Ration            |       |       |       |       |       |     2 |       |     5 |     2 ||     9
Armor: Robe              |    26 |    46 |   112 |   130 |       |       |       |       |       ||   314
       Pearl dragon scal |       |       |       |   253 |   633 |   822 |   519 |   444 |    42 ||  2713
       Gold dragon scale |       |       |       |       |       |       |       |       |    67 ||    67
Dodge: Dodged            |    33 |    67 |   110 |   220 |   196 |   462 |   378 |   340 |    59 ||  1865
       Deflected         |       |       |       |       |       |    28 |    43 |       |       ||    71
Block: Shield            |       |       |    70 |   316 |       |       |       |       |       ||   386
       Large shield      |       |       |       |   130 |  1108 |  1768 |  1616 |  1456 |   288 ||  6366
